Description

TEST BUILD.

It doesn't pretend to be an effective opening.

Generated with CarbonTwelve's Starcraft Fusion.

Build Order

Get SALT Encoding   

  13  0:02  SCV  
  14  0:14  SCV  
  14  0:17  Supply Depot  
  15  0:26  SCV  
  16  0:39  SCV  
  16  0:49  Barracks  
  17  0:51  Refinery, SCV  
  18  1:03  SCV  
  19  1:16  Action, SCV (Move SCVs to Gas)  
  19  1:22  Command Center  
  20  1:28  SCV  
  20  1:40  Orbital Command  
  20  1:46  Supply Depot  
  21  1:50  Marine  
  21  1:54  Refinery  
  22  2:05  SCV  
  22  2:06  Refinery  
  23  2:08  Marine  
  24  2:17  SCV  
  24  2:19  Factory  
  24  2:27  Ghost Academy, Action (Move SCVs to Gas)  
  25  2:30  SCV  
  26  2:35  SCV  
  26  2:40  Engineering Bay  
  27  2:43  Action, Barracks Tech Lab, SCV (Move SCVs to Gas)  
  28  2:47  SCV  
  29  2:55  SCV  
  30  3:00  SCV  
  31  3:08  SCV  
  32  3:12  Personal Cloaking, SCV  
  32  3:18  Barracks  
  32  3:24  Starport  
  32  3:29  Stimpack  
  32  3:35  Orbital Command  
  32  3:39  Terran Infantry Weapons Level 1  
  33  3:41  Marine  
  33  3:48  Barracks  
  33  3:54  Barracks  
  34  4:00  Marine  
  36  4:03  Medivac  
  37  4:05  Marine  
  38  4:08  SCV  
  40  4:19  Ghost  
  40  4:22  Ghost Academy  
  41  4:24  Marine  
  41  4:27  Supply Depot  
  42  4:31  Supply Depot  
  44  4:35  Medivac  
  45  4:37  Marine  
  47  4:42  Marine x2  
  48  4:49  Marine  
  48  4:51  Nuke x2  
  49  4:55  Marine x2  
  51  5:00  Marine x2  
  53  5:05  Medivac  
  55  5:08  Ghost  
  57  5:11  SCV x2  
  58  5:13  Marine  
  60  5:18  Marine x2  
  62  5:23  SCV x2  
  62  5:32  Combat Shields  
Spawning Tool Build Advisor. Get it on Overwolf

Analysis

What we must have by 5:40 is as follows.

Income: 1527M 342G

Buildings: 2 Orbital Commands, 3 Refineries, 4 Supply Depots, 4 Barracks (with 1 Tech Lab), 1 Factory, 1 Starport, 1 Engineering Bay, 2 Ghost Academies.

Units: 35 SCVs, 16 Marines, 2 Ghosts, 3 Medivacs.

Research: Stimpack, Infantry Weapons 1, Personal Cloaking (all are completed), Combat Shields (under research).

Go to:

Details

  • Created by: Turir
  • Published on: Feb 27, 2017
  • Modified on: Apr 11, 2017
  • Patch: 3.8.0
Show
View Real Time Build Order
Export as new Build Order

Comments (0)

There are no comments. Be the first!

Create an account to comment!